 Dungeon Crawl Stone Soup version 0.30-a0-311-gf115ab0292 (webtiles) character file.

Game seed: 9248604503880458814

1248 HagarQim the Conjurer (level 8, 0/52 HPs)
             Began as an Octopode Conjurer on Oct 23, 2022.
             Was an Initiate of Gozag.
             Slain by an orc warrior
             ... wielding a +0 trident of pain
              (2 damage)
             ... on level 5 of the Dungeon on Oct 25, 2022.
             The game lasted 00:24:09 (6795 turns).

HagarQim the Conjurer (Octopode Conjurer)           Turns: 6795, Time: 00:24:10

Health: 0/52       AC:  1    Str:  7    XL:     8   Next: 50%
Magic:  15/15      EV: 12    Int: 22    God:    Gozag
Gold:   310        SH:  0    Dex:  5    Spells: 10/17 levels left

rFire   + + +      SeeInvis .    l - +3 spear (vorpal)
rCold   + + .      Faith    .    o - orb {light}
rNeg    . . .      Spirit   .    (helmet restricted)
rPois   .          Reflect  .    (no amulet)
rElec   .          Harm     .    i - ring of protection from cold
rCorr   +          Rampage  .    k - ring of resist corrosion
Will    +....                    m - ring of a Thousand Ghosts {Fly rF+++ rC+ Will+ Dex-5}
Stlth   ++........               (no ring)
HPRegen 0.28/turn                (no ring)
MPRegen 0.14/turn                (no ring)
                                 (no ring)
                                 (no ring)

@: flying, glowing
A: almost no armour, amphibious, 8 rings, camouflage 1, gelatinous body 1,
(nimble swimmer 1), tentacles
a: Renounce Religion, Potion Petition, Call Merchant, Bribe Branch


You were on level 5 of the Dungeon.
You worshipped Gozag.
Gozag was aware of your devotion.
You visited 2 branches of the dungeon, and saw 6 of its levels.

You collected 417 gold pieces.
You spent 40 gold pieces at shops.
You paid 67 gold pieces to Gozag.

Inventory:

Hand Weapons
 d - a +0 dagger
 l - a +3 vorpal spear (weapon)
Missiles
 j - 3 throwing nets
Armour
 o - an orb of light (worn)
Jewellery
 i - a ring of protection from cold (left tentacle)
 k - a ring of resist corrosion (right tentacle)
 m - the ring of a Thousand Ghosts (on tentacle) {Fly rF+++ rC+ Will+ Dex-5}
   (You found it on level 2 of the Dungeon)

   [ring of protection from cold]

   Dex:       It affects your dexterity (-5).
   rF:        It renders you almost immune to fire.
   rC:        It protects you from cold.
   Fly:       It grants you flight.
   Will:      It increases your willpower.
Wands
 q - a wand of paralysis (7)
Scrolls
 e - a scroll of blinking
 p - 2 scrolls of fear
 r - a scroll of vulnerability
 u - a scroll of teleportation
Potions
 a - a potion of magic
 b - 2 potions of resistance
 c - 2 potions of heal wounds
 f - 3 potions of might
 g - a potion of cancellation
 h - a potion of brilliance
 n - 2 potions of mutation
 s - 2 potions of curing {unknown}
 t - a potion of ambrosia {unknown}
 w - a potion of flight {unknown}


   Skills:
 * Level 3.4 Fighting
 + Level 3.0 Dodging
 + Level 4.7 Stealth
 + Level 5.0 Spellcasting
 + Level 7.0 Conjurations
 * Level 3.3 Translocations


You had 10 spell levels left.
You knew the following spells:

 Your Spells              Type           Power      Damage    Failure   Level
a - Magic Dart            Conj           100%       1d8       1%          1
b - Searing Ray           Conj           72%        2d7       1%          2
c - Iskenderun's Mystic   Conj/Tloc      28%        2d7       12%         4

Your spell library contained the following spells:

 Spells                   Type           Power      Damage    Failure   Level
 Apportation              Tloc           40%        N/A       2%          1
 Dazzling Flash           Conj/Hex       42%        N/A       7%          3
 Necrotise                Necr           20%        1d5       10%         1
 Summon Small Mammal      Summ           20%        N/A       10%         1
 Mephitic Cloud           Conj/Pois/Air  15%        N/A       12%         3
 Call Imp                 Summ           5%         N/A       16%         2
 Passwall                 Tmut/Erth      4%         N/A       16%         2
 Portal Projectile        Hex/Tloc       24%        N/A       16%         3
 Fulminant Prism          Conj/Hex       10%        3d9       24%         4
 Call Canine Familiar     Summ           5%         N/A       30%         3
 Ignite Poison            Fire/Tmut/Pois 5%         N/A       30%         3
 Ice Form                 Ice/Tmut       5%         N/A       69%         4
 Leda's Liquefaction      Hex/Erth       2%         N/A       69%         4
 Eringya's Noxious Bog    Tmut/Pois      2%         N/A       100%        6


Dungeon Overview and Level Annotations

Branches:
Dungeon (5/15)             Temple (1/1) D:4

Altars:
Ashenzari
Cheibriados
Dithmenos
Elyvilon
Fedhas
Gozag
Kikubaaqudgha
Makhleb
Nemelex Xobeh
Okawaru
Qazlal
Ru
Sif Muna
Trog
Uskayaw
Vehumet
Wu Jian
Xom
Yredelemnul
The Shining One

Shops:
D:1 *   D:2 =   D:4 ?*:[

Annotations:
D:3 1 runed translucent door, Crazy Yiuf


Innate Abilities, Weirdness & Mutations

You cannot wear most types of armour.
You are amphibious.
You can wear up to eight rings at the same time.
Your skin changes colour to match your surroundings (Stealth+).
Your rubbery body absorbs attacks. (AC +1, EV +1)
((You are camouflaged when in or above water. (Stealth+)))
You have tentacles for arms and can constrict up to eight enemies at once.


Message History

The orc warrior is heavily wounded.
The orc warrior barely misses you.
You reach to attack!
You hit the orc warrior but do no damage.
The orc warrior is heavily wounded.
The orc warrior misses you.
The orc warrior hits you from afar with a +0 trident of pain.
You are too injured to fight recklessly!
You are too injured to fight recklessly!
Reach: l) +3 spear (vorpal)
Press: ? - help, Dir - move target, f/p - orc warrior
Aim: an orc warrior, wielding a +0 trident of pain and wearing a +0 plate armour (heavily wounded, haloed, about 22% to evade your +3 vorpal spear)
You reach to attack!
You hit the orc warrior but do no damage.
The orc warrior is heavily wounded.
The orc warrior hits you from afar with a +0 trident of pain!
* * * LOW HITPOINT WARNING * * *
Casting: Searing Ray (safe; 1% risk of failure)
Confirm with . or Enter, or press ? or * to list all spells.
You don't know that spell.
The orc warrior misses you.
Unknown command.
Unknown command.
Reach: l) +3 spear (vorpal)
Press: ? - help, Dir - move target, f/p - orc warrior
Aim: an orc warrior, wielding a +0 trident of pain and wearing a +0 plate armour (heavily wounded, haloed, about 22% to evade your +3 vorpal spear)
You reach to attack!
You hit the orc warrior but do no damage.
The orc warrior is heavily wounded.
The orc warrior barely misses you.
Reach: l) +3 spear (vorpal)
Press: ? - help, Dir - move target, f/p - orc warrior
Aim: an orc warrior, wielding a +0 trident of pain and wearing a +0 plate armour (heavily wounded, haloed, about 22% to evade your +3 vorpal spear)
You reach to attack!
You hit the orc warrior.
The orc warrior is heavily wounded.
The orc warrior hits you from afar with a +0 trident of pain!
* * * LOW HITPOINT WARNING * * *
You writhe in agony.
You die...
Your body crumbles into a pile of gold.

$
...#....#.###.#...
#.. #.....#...##
.. .#
#.#....#....#..
..###...#.....# ..
#.###.#....#
..#...###...#
....#....#.###.#
#.. #..>..# ##. .
... $ .# #.#.@..#
...#... ..###...#
#.#.#.# ... o###.#
#.#.#.# .. ..#..
.# ### #.#.#. #.
.### ... #.###
#...# #)###... #..
#...##...#
#......##.###.
#....#...###
#......#.....##
#.....#.#...
###..............
.#....#.#.##


You could see an orc warrior.

Vanquished Creatures
  Sigmund (D:5)
  A sky beast (D:5)
  An ogre (D:5)
  A black bear (D:4)
  A phantom (D:5)
  A scorpion (D:4)
  A necrophage (D:4)
  A howler monkey (D:5)
  An orc priest (D:5)
  A gnoll bouda (D:5)
  3 hounds
  3 iguanas (D:4)
  2 orc wizards (D:5)
  13 gnolls
  11 adders
  A white imp (D:5)
  An ufetubus (D:5)
  4 worms (D:2)
  A dart slug (D:4)
  2 orcs (D:5)
  10 bats
  4 endoplasms
  3 giant cockroaches (D:1)
  7 hobgoblins
  6 quokkas
  7 ball pythons
  3 frilled lizards
  5 goblins
  9 kobolds
  6 rats
111 creatures vanquished.

Notes
Turn   | Place    | Note
-------+----------+-------------------------------------------
     0 | D:1      | HagarQim the Octopode Conjurer began the quest for the Orb.
     0 | D:1      | Reached XP level 1. HP: 11/11 MP: 3/3
   330 | D:1      | Reached XP level 2. HP: 17/17 MP: 1/5
   394 | D:1      | Found Qaciloc's General Store.
   676 | D:1      | Learned a level 2 spell: Searing Ray
  1020 | D:1      | Reached XP level 3. HP: 21/21 MP: 3/6
  1222 | D:2      | Found Pusi's Jewellery Shoppe.
  1371 | D:2      | Identified the ring of a Thousand Ghosts {Fly rF+++ rC+
                  | Will+ Dex-5}
  1395 | D:2      | Identified the +1 chain mail "Luapp" {rPois Regen+ Dex+3
                  | Stlth+}
  1420 | D:2      | Reached skill level 5 in Conjurations
  1758 | D:2      | Reached XP level 4. HP: 27/27 MP: 2/7
  1964 | D:2      | Got the Almanac of Variation
  2732 | D:3      | Reached skill level 1 in Fighting
  2732 | D:3      | Reached XP level 5. HP: 32/33 MP: 1/8
  3391 | D:3      | Found a runed translucent door.
  3392 | D:3      | Noticed Crazy Yiuf
  3479 | D:4      | Learned a level 4 spell: Iskenderun's Mystic Blast
  3526 | D:4      | Found Oxtoolla's Magic Scroll Boutique.
  3537 | D:4      | Bought a scroll of identify for 20 gold pieces
  3537 | D:4      | Bought a scroll of identify for 20 gold pieces
  3589 | D:4      | Reached XP level 6. HP: 34/39 MP: 3/10
  3645 | D:4      | Found Roalaxta's General Store.
  3689 | D:4      | Found a staircase to the Ecumenical Temple.
  3771 | D:4      | Reached skill level 1 in Translocations
  4429 | D:4      | Reached skill level 6 in Conjurations
  4475 | D:4      | Found Wicepto's Antique Armour Boutique.
  4502 | D:4      | Found Suk Eph's Book Shoppe.
  4502 | D:4      | Found Vehemaxto's Magic Scroll Boutique.
  4799 | D:4      | Noticed a black bear
  4806 | D:4      | Killed a black bear
  4807 | D:4      | Reached XP level 7. HP: 11/45 MP: 6/12
  5576 | Temple   | Entered the Ecumenical Temple
  5606 | Temple   | Upgraded the game from 0.30-a0-305-g026cb31310 to
                  | 0.30-a0-311-gf115ab0292
  5903 | Temple   | Became a worshipper of Gozag Ym Sagoz the Greedy
  5955 | D:5      | Entered Level 5 of the Dungeon
  6509 | D:5      | Reached XP level 8. HP: 51/51 MP: 7/14
  6621 | D:5      | Noticed Sigmund
  6627 | D:5      | Killed Sigmund
  6628 | D:5      | Reached skill level 5 in Spellcasting
  6628 | D:5      | Reached skill level 7 in Conjurations
  6795 | D:5      | HP: 2/52 [orc warrior/+0 trident of pain (9)]
  6795 | D:5      | Slain by an orc warrior

Illustrated notes

Levels and vault maps discovered:
D:1:      tarquinn_simple_flora_water_c, layout_basic, serial_shops,
          nicolae_shop_advertising_works [nicolae_subvault_shop_adworks],
          st_stairs_6
D:2:      layout_loops_cross, serial_shops, nicolae_shop_window_shopping
D:3:      layout_loops_corners, uniq_crazy_yiuf_cottage
D:4:      layout_layer_cave, minmay_temple_entry_slanted, serial_shops, shop,
          shop, nicolae_square_shop, shop, nicolae_diamond_shop,
          roderic_lattice_a
D:5:      nicolae_BIG_FREAKIN_CUBE, layout_loops_ring, minmay_quadrilaterals,
          uniq_sigmund
Temple:   mainiacjoe_temple_cubbyholes

Skill      XL: |  1  2  3  4  5  6  7  8 |
---------------+-------------------------+-----
Conjurations   | 5 6 7 |  7.0
Stealth        | 3 4 |  4.7
Fighting       | 1 2 3 |  3.4
Spellcasting   | 3 4 5 |  5.0
Translocations | 1 2 3 |  3.3
Dodging        | 3 |  3.0

Action                   |  1- 3 |  4- 6 |  7- 9 || total
-------------------------+-------+-------+-------++-------
Melee: Dagger            |     2 |       |       ||     2
       Constrict         |     3 |     7 |    10 ||    20
       Tentacles         |     2 |     5 |    11 ||    18
       Spear             |    12 |    26 |    54 ||    92
       Punch             |       |     1 |     1 ||     2
 Cast: Magic Dart        |    69 |    67 |    36 ||   172
       Searing Ray       |       |     7 |     7 ||    14
  Use: Scroll            |       |    10 |     3 ||    13
       Potion            |       |     1 |     1 ||     2
 Stab: Sleeping          |     1 |       |       ||     1
Armor: Skin              |     3 |     2 |     2 ||     7
Dodge: Dodged            |     8 |    16 |    37 ||    61

Table legend: (Time is in decaauts)
 A = Elapsed time spent in this place.
 B = Non-inter-level travel time spent in this place.
 C = Inter-level travel time spent in this place.
 D = Time resting spent in this place.
 E = Time spent auto-exploring this place.
 F = Levels seen in this place.
 G = Mean time per level.
                   A        B        C        D        E       F      G
               +--------+--------+--------+--------+--------+-----+--------+
         Total |   6801 |   6601 |    200 |   2458 |   3290 |   6 | 1133.5 |
       Dungeon |   6441 |   6271 |    170 |   2458 |   3006 |   5 | 1288.2 |
        Temple |    359 |    329 |     30 |      0 |    284 |   1 |  359.0 |
               +--------+--------+--------+--------+--------+-----+--------+

Top non-repeatable levels by time:
     D:4: 2150 daAuts
     D:3: 1192 daAuts
     D:1: 1154 daAuts
     D:2: 1099 daAuts
     D:5: 845 daAuts
  Temple: 359 daAuts
